 Dungeon Crawl Stone Soup version 0.30-a0-779-g7971cf19c3 (webtiles) character file.

Game seed: 2302359089152148375

99 Anon1729 the Chopper (level 4, 0/37 (41) HPs)
             Began as a Minotaur Monk on Feb 17, 2023.
             Slain by a wight
             ... wielding a +0 falchion
              (1 damage)
             ... on level 3 of the Dungeon.
             The game lasted 00:01:51 (2027 turns).

Anon1729 the Chopper (Minotaur Monk)                Turns: 2027, Time: 00:01:52

HP:   0/37 (41)     AC: 10    Str: 17    XL:     4   Next: 45%
MP:   3/3           EV:  5    Int:  7    God:
Gold: 111           SH:  0    Dex: 13    Spells: 3/3 levels left

rFire   . . .      SeeInvis .    a - +0 hand axe
rCold   . . .      Faith    .    (no shield)
rNeg    . . .      Spirit   .    e - +0 plate armour
rPois   .          Reflect  .    (helmet restricted)
rElec   .          Harm     .    (no cloak)
rCorr   .          Rampage  .    (no gloves)
Will    .....                    (no boots) Stlth
                                 (no amulet)
HPRegen 0.26/turn                (no ring)
MPRegen 0.08/turn                (no ring)

@: drained
A: horns 2, retaliatory headbutt
a: no special abilities


You were on level 3 of the Dungeon.
You visited 1 branch of the dungeon, and saw 3 of its levels.

You collected 205 gold pieces.
You spent 94 gold pieces at shops.

Inventory:

Hand Weapons
 a - a +0 hand axe (weapon)
Armour
 b - a +0 robe
 e - a +0 plate armour (worn)
Jewellery
 s - the ring of Ceotto Lamm {*Slow rElec Will+ Str+2}
   (You found it on level 3 of the Dungeon)

   [ring of willpower]

   Str:       It affects your strength (+2).
   rElec:     It insulates you from electricity.
   *Slow:     It may slow you when you take damage.
   Will:      It increases your willpower.
Scrolls
 f - a scroll of poison {unknown}
 h - 5 scrolls of identify {unknown}
 i - a scroll of immolation {unknown}
 j - a scroll of fog {unknown}
 m - 4 scrolls of teleportation
 n - a scroll of magic mapping {unknown}
 o - 3 scrolls of fear {unknown}
 q - a scroll of noise {unknown}
 r - a scroll of torment {unknown}
 u - a scroll of silence {unknown}
 v - 2 scrolls of enchant armour {unknown}
Potions
 c - a potion of ambrosia
 d - 2 potions of heal wounds {unknown}
 g - 2 potions of might {unknown}
 k - a potion of flight {unknown}
 l - 3 potions of attraction {unknown}
 p - 2 potions of curing {unknown}


   Skills:
 + Level 4.4(2.2) Fighting
 * Level 5.2(2.6) Axes
 + Level 2.2(1.1) Armour
 - Level 3.3(1.6) Dodging
 - Level 1.5(0.7) Stealth


You had 3 spell levels left.
You didn't know any spells.
Your spell library was empty.

Dungeon Overview and Level Annotations

Branches:
Dungeon (3/15)

Altars:
Ashenzari
Cheibriados
Dithmenos
Nemelex Xobeh

Shops:
D:3 [**


Innate Abilities, Weirdness & Mutations

You have a pair of horns on your head.
You reflexively headbutt those who attack you in melee.


Message History

You hit the wight but do no damage. Your headbutt misses the wight.
You hit the wight but do no damage.
You hear a shout!
A gnoll comes into view. It is wielding a +0 club.
The wight barely misses you. The wight hits you with a +0 flail.
You hit the wight but do no damage.
You headbutt the wight, but do no damage.
You hit the wight but do no damage. The wight barely misses you.
The wight hits you but does no damage. The wight barely misses you. x2
You hit the wight but do no damage. Your headbutt misses the wight.
You hit the wight but do no damage. You hit the gnoll but do no damage.
You completely miss the wight. The gnoll hits you with a +0 club.
The wight hits you with a +0 falchion.
You feel drained. The wight hits you with a +3 battleaxe!
You feel drained. The wight hits you but does no damage.
You slash the wight!
The wight is heavily damaged.
You hit the wight but do no damage. You closely miss the wight.
You hit the gnoll. The gnoll hits you but does no damage.
A wight comes into view. It is wielding a +0 scimitar.
The wight closely misses you. The wight hits you with a +3 battleaxe!
The wight hits you but does no damage.
You are too injured to fight recklessly!
You are too injured to fight recklessly!
You are too injured to fight recklessly!
You are too injured to fight recklessly!
You are too injured to fight recklessly!
You are too injured to fight recklessly!
You are too injured to fight recklessly!
You are too injured to fight recklessly!
You are too injured to fight recklessly!
You are too injured to fight recklessly!
You are too injured to fight recklessly!
The wight attacks as you move away! The wight hits you but does no damage.
The wight attacks as you move away! The wight hits you with a +3 battleaxe.
* * * LOW HITPOINT WARNING * * *
The wight attacks as you move away! The wight hits you with a +0 falchion!
* * * LOW HITPOINT WARNING * * *
You feel drained.
You die...

# #.....##.# #.#..........
##.#.#...##.# ..#..........
#........##.######.........
#....z...##........>.......
###..............#####.....
.......gg.K......# #......
..........z......# #...)..
$........zg......# #....).
###....∩zz@......####......
#####..........##........
#######.#####.##.....
#.####...##....
#..##.....##...
##.#.......##.#
#....._......#
###.......##.# ##.....###.#


You could see 5 wights, 3 gnolls and a kobold.

Vanquished Creatures
  Jessica (D:3)
  4 worms
  An orc (D:3)
  4 ball pythons
  5 bats
  10 endoplasms
  2 giant cockroaches
  6 hobgoblins
  3 jackals (D:1)
  4 kobolds
  3 quokkas (D:1)
  3 frilled lizards
  5 goblins
  3 rats
54 creatures vanquished.

Notes
Turn   | Place    | Note
-------+----------+-------------------------------------------
     0 | D:1      | Anon1729 the Minotaur Monk began the quest for the Orb.
     0 | D:1      | Reached XP level 1. HP: 19/19 MP: 0/0
    70 | D:1      | Reached XP level 2. HP: 27/27 MP: 1/1
    77 | D:1      | Reached skill level 4 in Axes
   160 | D:1      | Reached skill level 1 in Armour
   585 | D:1      | Reached XP level 3. HP: 33/33 MP: 2/2
   889 | D:2      | Found a faded altar of an unknown god.
   904 | D:2      | Prayed at the altar of an unknown god.
   904 | D:2      | Became a worshipper of Ashenzari the Shackled
  1135 | D:2      | Identified the +0 robe of Youthful Indiscretion {rC+ Str-5
                  | Int+4 Archmagi}
  1496 | D:3      | Identified the ring of Ceotto Lamm {*Slow rElec Will+
                  | Str+2}
  1645 | D:3      | Fell from the grace of Ashenzari
  1648 | D:3      | Reached XP level 4. HP: 30/40 MP: 3/3
  1829 | D:3      | Found a shadowy altar of Dithmenos.
  1866 | D:3      | Found a snail-covered altar of Cheibriados.
  1934 | D:3      | Found Bonahok's General Store.
  1943 | D:3      | Bought a potion of degeneration for 10 gold pieces
  1953 | D:3      | Noticed Jessica
  1954 | D:3      | Found Gyreusur's General Store.
  1959 | D:3      | Killed Jessica
  1960 | D:3      | Reached skill level 5 in Axes
  1978 | D:3      | Bought a scroll of teleportation for 42 gold pieces
  1978 | D:3      | Bought a scroll of teleportation for 42 gold pieces
  1994 | D:3      | Found a sparkling altar of Nemelex Xobeh.
  2007 | D:3      | Found Jada's Armour Shoppe.
  2027 | D:3      | HP: 1/38 [wight/+0 falchion (8)]
  2027 | D:3      | Slain by a wight

Illustrated notes

Levels and vault maps discovered:
D:1:      scummos_arrival_star, layout_loops_cross
D:2:      layout_loops_corners, ebering_ecumenical_altar_mist
D:3:      minmay_razor_zed, layout_basic, mainiacjoe_overflow_catwalk,
          nicolae_dithmenos_shadow_blocks, lemuel_round_altar, serial_shops,
          shop, nicolae_square_shop, shop, serial_curves, eino_curves_02,
          dk_vineyard_3, uniq_jessica

Skill      XL: |  1  2  3  4 |
---------------+-------------+-----
Axes           | 4 5 |  5.2
Armour         | 1 2 |  2.2
Fighting       | 4 |  4.4
Dodging        | |  3.3
Stealth        | |  1.5

Action                     |  1- 3 |  4- 6 || total
---------------------------+-------+-------++-------
  Melee: Hand axe          |    94 |    14 ||   108
         Headbutt          |    25 |     3 ||    28
 Invoke: Renounce Religion |     1 |       ||     1
 Armour: Plate armour      |    45 |    15 ||    60
  Dodge: Dodged            |    26 |     7 ||    33

Table legend: (Time is in decaauts)
 A = Elapsed time spent in this place.
 B = Non-inter-level travel time spent in this place.
 C = Inter-level travel time spent in this place.
 D = Time resting spent in this place.
 E = Time spent auto-exploring this place.
 F = Levels seen in this place.
 G = Mean time per level.
                   A        B        C        D        E       F      G
               +--------+--------+--------+--------+--------+-----+--------+
         Total |   2038 |   2009 |     29 |      0 |   1691 |   3 |  679.3 |
       Dungeon |   2038 |   2009 |     29 |      0 |   1691 |   3 |  679.3 |
               +--------+--------+--------+--------+--------+-----+--------+

Top non-repeatable levels by time:
     D:2: 856 daAuts
     D:1: 631 daAuts
     D:3: 550 daAuts
